AoeStats
← Farbigno

Arena

505581296Analyzed
4v4 RM · 23d ago on Sep 10, 2026· 41m 38s· 8 players
Game mode
Random Map
Map size
Large (8 player)
Population
200
Speed
Normal
Resources
Standard
Victory
Conquest
Starting age
Dark Age
Ending age
Imperial Age
RankedLock teamsTeams togetherTeam positionsShared explorationLock speedFull tech treeHidden civsTurbo modeCheats
Victory
Defeat
🇨🇷 Bohemians · Costa Rica
696
+18
🇨🇷 Spanish · Costa Rica
675
+19
🇨🇷 Teutons · Costa Rica
674
+19
🇨🇷 Franks · Costa Rica
674
+19
🇹🇷 Franks · Türkiye
773
-20
🇺🇸 Teutons · United States
760
-19
🇺🇸 Spanish · United States
723
-18
🇨🇴 Vikings · Colombia
714
-18
fatfatfattie
12:19 Feudal Age
17:04 Castle Age
15:30 Double-Bit Axe
15:30 Horse Collar
15:57 Stone Mining
18:20 Heavy Plow
18:32 Bow Saw
20:39 Fletching
25:08 Wheelbarrow
24:18 Town Watch
25:46 Stone Shaft Mining
25:02 Gold Mining
26:48 Hand Cart
27:53 Squires
32:33 Imperial Age
31:35 Forging
31:27 Scale Mail Armor
33:15 Elite Teutonic Knight
36:07 Chain Mail Armor
38:21 Crenellations
40:46 Chemistry
js.paredesm
12:53 Feudal Age
13:15 Horse Collar
13:41 Double-Bit Axe
21:54 Castle Age
20:03 Man-at-Arms
24:49 Gold Mining
Phantom Knight
13:19 Feudal Age
13:47 Double-Bit Axe
14:41 Wheelbarrow
14:46 Horse Collar
16:19 Fletching
19:16 Loom
22:32 Castle Age
D21
9:23 Loom
11:14 Feudal Age
13:25 Double-Bit Axe
16:31 Wheelbarrow
18:08 Castle Age
16:26 Stone Mining
20:39 Bow Saw
22:00 Scale Barding Armor
22:05 Forging
23:51 Husbandry
26:27 Gold Mining
27:21 Chain Barding Armor
27:37 Iron Casting
30:17 Imperial Age
31:36 Cavalier
33:47 Paladin
42:01 Ballistics
Farbigno
13:26 Feudal Age
11:42 Loom
18:28 Castle Age
18:51 Wheelbarrow
19:00 Double-Bit Axe
24:33 Fletching
24:44 Padded Archer Armor
gaburierurr
14:01 Feudal Age
12:16 Loom
19:34 Castle Age
20:41 Double-Bit Axe
27:25 Bow Saw
29:50 Murder Holes
31:33 Padded Archer Armor
31:23 Fletching
34:00 Pikeman
knoxhunts
11:23 Feudal Age
12:43 Double-Bit Axe
12:41 Horse Collar
14:24 Stone Mining
17:58 Castle Age
16:08 Gold Mining
18:05 Loom
21:02 Fletching
21:13 Padded Archer Armor
22:37 Stone Shaft Mining
29:13 Scale Mail Armor
29:10 Bodkin Arrow
33:26 Bow Saw
36:04 Chain Mail Armor
38:20 Heavy Plow
42:25 Imperial Age
Ozymandias
11:10 Feudal Age
12:53 Loom
15:33 Castle Age
22:12 Forging
39:05 Imperial Age
37:43 Wheelbarrow
37:53 Gold Mining
37:56 Stone Mining
42:23 Hand Cart
Connection lost

Rejoining the realm…

Still unreachable

The connection could not be restored.

Session expired

The server has moved on; the page needs a fresh start.